Map: Último impacto

Players

MrFercho - Winner!

  • Race: Terran Terran
  • Spawn Location: 7:00

tigro

  • Race: Terran Terran
  • Spawn Location: 5:00

VOD

Have the link to the VOD?

Description

Time

  • Played on: March 22, 2020, 8:59 p.m.
  • Length: 11:42
Show
View Real Time Build Order
Export as new Build Order

MrFercho Terran - Winner!

Build Orders:  

Get SALT Encoding   

  12  0:03  SCV  
  13  0:15  SCV  
  14  0:22  Supply Depot  
  14  0:32  Refinery  
  14  0:41  SCV  
  15  0:52  Engineering Bay  
  15  0:53  SCV  
  16  1:05  SCV  
  16  1:09  Barracks  
  17  1:18  SCV  
  18  1:30  SCV  
  19  1:42  SCV  
  20  1:54  SCV  
  20  1:57  Terran Infantry Armor Level 1  
  21  2:06  SCV  
  22  2:16  Refinery  
  22  2:18  SCV  
  23  2:31  Factory  
  23  2:37  Supply Depot  
  23  2:42  Supply Depot  
  23  2:43  Orbital Command  
  23  3:09  Barracks Tech Lab  
  23  3:24  Starport  
  23  3:29  Factory Tech Lab  
  23  4:00  Starport  
  23  4:04  Starport Tech Lab  
  23  4:22  SCV  
  24  4:25  Command Center  
  24  4:34  SCV, Refinery, Liberator  
  28  4:38  Starport Tech Lab  
  28  4:40  Refinery  
  28  4:46  SCV  
  28  4:50  Command Center  
  29  4:58  SCV  
  30  5:10  SCV  
  31  5:15  Supply Depot  
  31  5:17  Liberator  
  34  5:23  SCV  
  35  5:29  Armory  
  35  5:35  SCV  
  36  5:39  Banshee  
  36  5:40  Supply Depot  
  39  5:44  Cloaking Field  
  39  5:47  SCV  
  40  5:56  Orbital Command  
  40  6:03  Supply Depot  
  40  6:04  Refinery  
  37  6:16  Armory  
  37  6:26  Orbital Command  
  37  6:30  SCV x2, Refinery  
  39  6:42  SCV x2  
  41  6:53  SCV  
  42  6:54  SCV x2  
  44  7:05  SCV  
  44  7:06  SCV x2  
  47  7:17  SCV  
  47  7:18  SCV x2  
  51  7:30  SCV  
  51  7:31  Thor  
  51  7:36  Banshee x2  
  63  7:42  SCV  
  61  8:11  SCV  
  61  8:12  SCV x2  
  64  8:19  Banshee  
  67  8:23  SCV  
  67  8:24  SCV  
  69  8:45  Terran Ship Weapons Level 1  
  69  8:47  Terran Vehicle And Ship Armor Level 1  
  69  9:01  Engineering Bay  
  69  9:07  Engineering Bay  
  69  9:29  SCV x3  
  72  9:32  Barracks  
  72  9:38  Barracks  
  72  9:41  SCV x3  
  75  9:51  Supply Depot  
  75  9:52  Supply Depot  
  75  9:53  SCV x3, Supply Depot  
  78  10:05  SCV x3  
  81  10:15  Supply Depot  
  81  10:16  Supply Depot  
  81  10:17  SCV x3  
  81  10:18  Supply Depot  
  84  10:21  Barracks  
  84  10:45  Factory x3  
  84  11:30  Starport  
  84  11:31  Starport x2  
Show
View Real Time Build Order
Export as new Build Order

tigro Terran 

Build Orders:  

Get SALT Encoding   

  12  0:04  SCV  
  13  0:17  Supply Depot  
  13  0:20  SCV  
  14  0:33  SCV  
  15  0:57  Barracks  
  15  1:07  SCV  
  16  1:19  SCV  
  17  1:31  SCV  
  18  1:37  Refinery  
  18  1:43  SCV  
  18  1:46  Barracks  
  18  1:47  Refinery  
  19  1:49  Marine  
  20  1:55  SCV  
  21  2:03  Supply Depot  
  21  2:06  Marine  
  22  2:24  Marine  
  23  2:35  SCV  
  24  2:38  Barracks Tech Lab  
  24  2:40  Engineering Bay  
  24  2:42  Marine  
  25  3:00  Marine  
  28  3:05  Marauder  
  28  3:06  Factory  
  30  3:27  Marauder  
  30  3:45  Command Center  
  30  3:58  Barracks Tech Lab  
  30  3:59  Combat Shield  
  30  4:01  Supply Depot  
  30  4:23  Marauder  
  32  4:44  Marauder  
  32  4:45  Factory Tech Lab  
  34  4:48  Supply Depot, Marine  
  35  5:05  Reaper, Marine  
  37  5:18  Stimpack  
  37  5:19  Command Center  
  37  5:23  Marine  
  37  5:24  Orbital Command  
  38  5:38  Reaper  
  38  5:41  Marine  
  40  5:43  Missile Turret  
  40  5:57  Planetary Fortress  
  40  5:59  Marine  
  41  6:09  Marine  
  42  6:19  Missile Turret  
  42  6:27  Marine  
  43  6:42  SCV  
  44  6:48  Missile Turret  
  44  6:54  SCV  
  45  6:58  Concussive Shells, Missile Turret  
  45  7:04  Terran Infantry Weapons Level 1  
  45  7:06  SCV  
  39  7:18  SCV  
  28  7:30  SCV  
  20  7:57  SCV  
  21  8:09  SCV  
  22  8:14  Missile Turret  
  22  8:21  SCV, Infernal Pre-Igniter  
  23  8:28  Missile Turret  
  23  8:33  SCV  
  24  8:45  SCV  
  25  8:57  Missile Turret  
  25  8:58  SCV  
  25  8:59  Terran Infantry Armor Level 1  
  25  9:02  Refinery  
  26  9:29  Missile Turret  
  26  9:32  Refinery  
  26  9:34  Missile Turret  
  26  9:39  SCV  
  26  9:40  Mag-Field Accelerator  
  27  9:51  SCV  
  28  9:54  SCV  
  29  10:00  Marine  
  29  10:03  SCV  
  29  10:06  SCV  
  32  10:15  SCV  
  32  10:18  SCV  
  34  10:27  SCV  
  35  10:31  SCV  
  35  10:49  Marine  
  36  11:04  Missile Turret  
  36  11:12  Refinery  
Tags
 
Matchup
TvT
Race
Terran
Replay Pack
MrFercho
Spawn Locations
Close Positions
Add a new tag
Caveats
  • Supply blocks, unpowered buildings, or Contaminate may cause inaccurate times.
  • Supply counts are checked every 10 seconds.